 Dungeon Crawl Stone Soup version 0.17.2-1-ge4368a0 (webtiles) character file.

1 Goblin1989 the Sneak (level 1, -3/16 HPs)
             Began as a Demonspawn Assassin on Dec 22, 2017.
             Slain by a gnoll (9 damage)
             ... on level 1 of the Dungeon.
             The game lasted 00:00:22 (71 turns).

Goblin1989 the Sneak (Demonspawn Assassin)            Turns: 71, Time: 00:00:22

Health: -3/16      AC:  3    Str: 11    XL:     1   Next: 16%
Magic:  1/1        EV: 11    Int: 12    God:
Gold:   0          SH:  0    Dex: 14    Spells: 0 memorised, 0 levels left

rFire  . . .     SeeInvis .     w - +0 blowgun {@w1}
rCold  . . .     Clarity  .     c - +0 robe
rNeg   . . .     SustAt   .     (no shield)
rPois  .         Gourm    .     (no helmet)
rElec  .         Spirit   .     d - +0 cloak
rCorr  .         Warding  .     (no gloves)
rMut   .         Stasis   .     (no boots)
MR     .....                    (no amulet)
Stlth  ++........               (no ring)
                                (no ring)

@: not resistant to hostile enchantments, unstealthy
A: no striking features
a: no special abilities


You were on level 1 of the Dungeon.
You were not hungry.

You visited 1 branch of the dungeon, and saw 1 of its levels.

Inventory:

Hand Weapons
 a - a +2 dagger
 w - a +0 blowgun (weapon) {@w1}
Missiles
 f - 2 curare-tipped needles (quivered)
 g - 8 poisoned needles
Armour
 c - a +0 robe (worn)
 d - a +0 cloak (worn)
Scrolls
 b - a scroll of immolation {unknown}


   Skills:
 + Level 2.1 Fighting
 - Level 1.7 Short Blades
 - Level 1.7 Throwing
 - Level 0.8 Dodging
 - Level 3.6 Stealth


You couldn't memorise any spells.
You didn't know any spells.

Dungeon Overview and Level Annotations

Branches:
Dungeon (1/15)

Altars:


Message History

w - a +0 blowgun;
e - a bread ration;
g - 8 poisoned needles Welcome, Goblin1989 the Demonspawn Assassin.
The bosom of this dungeon contains the fabled artefact, the Orb of Zot.
Press ? for a list of commands and other information.
Found a staircase leading out of the dungeon.
b - a scroll labeled VONTUIROLL A hobgoblin comes into view.
The hobgoblin shouts!
You hit the hobgoblin.
The hobgoblin is moderately wounded.
The hobgoblin barely misses you.
You hit the hobgoblin.
You kill the hobgoblin!
No target in view!
No target in view!
No target in view!
No target in view!
No target in view!
No target in view!
No target in view!
No target in view!
No target in view!
No target in view!
No target in view!
No target in view!
No target in view!
No target in view!
No target in view!
No target in view!
No target in view!
No target in view!
You see here a hobgoblin corpse.
A gnoll comes into view.
A gnoll is nearby!
The gnoll shouts!
You hear a shout!
The gnoll completely misses you.
A kobold comes into view. It is wielding a whip.
You hit the gnoll but do no damage. The gnoll hits you.
You take 5 damage, and have 11/16 hp.
O_OOPS!!
MASSIVE DAMAGE!!
You hit the gnoll.
The gnoll is lightly wounded.
The gnoll closely misses you.
You barely miss the gnoll.
The gnoll is lightly wounded.
The gnoll hits you.
You take 3 damage, and have 8/16 hp.
You are too injured to fight recklessly!
You are too injured to fight recklessly!
You are too injured to fight recklessly!
You are too injured to fight recklessly!
You are too injured to fight recklessly!
You are too injured to fight recklessly!
You are too injured to fight recklessly!
You are too injured to fight recklessly!
You are too injured to fight recklessly!
You are too injured to fight recklessly!
You are too injured to fight recklessly!
You are too injured to fight recklessly!
You are too injured to fight recklessly!
You are too injured to fight recklessly!
You are too injured to fight recklessly!
You are too injured to fight recklessly!
You are too injured to fight recklessly!
You are too injured to fight recklessly!
You are too injured to fight recklessly!
You are too injured to fight recklessly!
You are too injured to fight recklessly!
You are too injured to fight recklessly!
You are too injured to fight recklessly!
You are too injured to fight recklessly!
You are too injured to fight recklessly!
You are too injured to fight recklessly!
You are too injured to fight recklessly!
Found a stone staircase leading down.
Eat which item? (? for menu, Esc to quit)
You can't eat that!
Read which item? (? for menu, Esc to quit)
You can't read that!
The kobold closely misses you.
Drop what? 8/52 slots (_ for help) (? for menu, Esc to quit)
You drop a bread ration {@e1}.
The gnoll barely misses you. The kobold hits you with a whip.
* * * LOW HITPOINT WARNING * * *
You take 2 damage, and have 6/16 hp.
Unknown command.
You hit the gnoll but do no damage.
The gnoll is lightly wounded.
The gnoll barely misses you. The kobold completely misses you.
Unknown command.
Wield which item (- for none, * to show all)? (? for menu, Esc to quit)
w - a +0 blowgun (weapon)
{@w1} The gnoll hits you!
Ouch! That really hurt!
You die... ...............▲ .........%.....█ ..███?.........█ ... ▲.$........>. ██ █.███........████ . █........█████ ████ █.██████K█ ..<█ █.█ █g█

.███ ████.██████@█
.█. █......†....█
██.███.██........█
█.....██.(......█
███.████........█
█...██........█
███.██.██.....█
███...██.██.....█
██.█.████.██.....█


You could see a gnoll and a kobold.

Vanquished Creatures
  A hobgoblin (D:1)
1 creature vanquished.

Notes
Turn   | Place    | Note
--------------------------------------------------------------
     0 | D:1      | Goblin1989 the Demonspawn Assassin began the quest for the Orb.
     0 | D:1      | Reached XP level 1. HP: 16/16 MP: 1/1
    71 | D:1      | Slain by a gnoll

Action                   || total
-------------------------++-------
Melee: Dagger            ||     6

Vault maps used:
D:1:      elethiomel_arrival_maze
